 Dungeon Crawl Stone Soup version 0.22.1-6-g1668fe2 (webtiles) character file.

142 Fang the Skirmisher (level 5, -1/33 HPs)
             Began as a Gargoyle Berserker on Feb 4, 2019.
             Was a Believer of Trog.
             Killed from afar by a white imp (2 damage)
             ... with a puff of frost
             ... summoned by Natasha
             ... on level 2 of the Dungeon.
             The game lasted 00:02:17 (1634 turns).

Fang the Skirmisher (Gargoyle Berserker)            Turns: 1634, Time: 00:02:18

Health: -1/33      AC:  9    Str: 22    XL:     5   Next: 25%
Magic:  5/5        EV: 11    Int:  7    God:    Trog [**....]
Gold:   142        SH:  0    Dex:  9    Spells: 4/4 levels left

rFire    . . .     SeeInvis .   a - +0 hand axe
rCold    . . .     Gourm    .   (no shield)
rNeg     + . .     Faith    .   i - +0 ring mail
rPois    ∞         Spirit   .   (no helmet)
rElec    +         Reflect  .   (no cloak)
rCorr    .         Harm     .   (no gloves)
MR       .....                  (no boots)
Stlth    +.........             (no amulet)
HPRegen  0.11/turn              (no ring)
MPRegen  0.09/turn              (no ring)

@: no status effects
A: negative energy resistance 1, electricity resistance, unbreathing,
petrification resistance, rot immunity, AC +4
a: Berserk, Trog's Hand, Renounce Religion


You were on level 2 of the Dungeon.
You worshipped Trog.
Trog was pleased with you.
You were not hungry.

You visited 1 branch of the dungeon, and saw 2 of its levels.

You collected 142 gold pieces.

Inventory:

Hand Weapons
 a - a +0 hand axe (weapon)
Armour
 i - a +0 ring mail (worn)
Jewellery
 k - an uncursed ring of protection from cold {unknown}
 o - a +2 ring of intelligence {unknown}
Scrolls
 b - 2 scrolls of amnesia {unknown}
 d - 3 scrolls of identify {unknown}
 f - 2 scrolls of enchant weapon {unknown}
 g - a scroll of remove curse {unknown}
 h - a scroll of magic mapping {unknown}
 j - a scroll of blinking {unknown}
Potions
 e - a potion of curing {unknown}
 l - 2 potions of agility {unknown}
 m - a potion of berserk rage {unknown}
 n - a potion of mutation {unknown}
Comestibles
 c - 3 rations


   Skills:
 + Level 3.9 Fighting
 + Level 3.9 Axes
 + Level 3.2 Armour
 + Level 2.3 Dodging
 + Level 0.6 Stealth


You had 4 spell levels left.
You didn't know any spells.
Your spell library was empty.

Dungeon Overview and Level Annotations

Branches:
Dungeon (2/15)

Altars:

Annotations:
D:2 1 runed door, Natasha


Innate Abilities, Weirdness & Mutations

You are resistant to torment.
Your stone body is resilient. (AC +4)
You are immune to poison.
You resist negative energy. (rN+)
You are resistant to electric shocks. (rElec)
You can survive without breathing.
You are immune to petrification.
You are immune to rotting.


Message History

You are too injured to fight recklessly!
The white imp misses you.
Natasha mumbles some strange words.
You closely miss Natasha.
Natasha is almost dead.
You closely miss the white imp. You hit the white imp but do no damage.
Natasha claws you!
* * * LOW HITPOINT WARNING * * *
The white imp picks up a beetle and eats it.
The white imp closely misses you. The white imp gestures at you.
The puff of frost hits you!
* * * LOW HITPOINT WARNING * * *
You miss Natasha.
Natasha is almost dead.
You barely miss the white imp. You hit the white imp.
Natasha barely misses you. The white imp gestures at you.
The puff of frost hits you!
You die...

######...#........)(...#
#.# #
#...#............)######)#
#
#...###.##.........(.....#
#....##.##.........#######
#....##.##.....((#.#
#.....#.##......)'.#
#...#.#.##.......###
#...#.....###.....###
#...##..#.5@h.......#
#...##..#...5.......#
####....##..........#
#########....##..........#
#...........>'÷..........#
#..........<.##..........#
#............##..........#
#............##..........#
#########....##..........#


You could see Natasha and 2 white imps.

Vanquished Creatures
  Natasha (twice) (D:2)
  Terence (D:2)
  2 adders (D:2)
  3 worms (D:2)
  A dart slug (D:1)
  A leopard gecko (D:2)
  4 bats
  5 giant cockroaches
  5 goblins
  3 hobgoblins (D:1)
  2 jackals (D:1)
  A ball python (D:1)
  6 kobolds
  3 rats
39 creatures vanquished.

Notes
Turn   | Place    | Note
-------+----------+-------------------------------------------
     0 | D:1      | Fang the Gargoyle Berserker began the quest for the Orb.
     0 | D:1      | Reached XP level 1. HP: 14/14 MP: 1/1
   286 | D:1      | Reached XP level 2. HP: 19/19 MP: 2/2
   633 | D:1      | Reached XP level 3. HP: 24/24 MP: 3/3
   818 | D:2      | Reached ** piety under Trog
  1088 | D:2      | Noticed Terence
  1103 | D:2      | Killed Terence
  1103 | D:2      | Reached XP level 4. HP: 17/29 MP: 4/4
  1444 | D:2      | Noticed Natasha
  1456 | D:2      | Killed Natasha
  1456 | D:2      | Reached XP level 5. HP: 26/33 MP: 5/5
  1488 | D:2      | Found a runed door.
  1589 | D:2      | Noticed Natasha
  1605 | D:2      | Killed Natasha
  1625 | D:2      | Noticed Natasha
  1633 | D:2      | HP: 1/33 [white imp/puff of frost[Natasha] (5)]
  1634 | D:2      | Killed from afar by a white imp

Skill      XL: |  1  2  3  4 |
---------------+-------------+-----
Axes           | 3 |  3.9
Dodging        | 2 |  2.3
Armour         | 3 |  3.2
Fighting       | |  3.9
Stealth        | |  0.6

Action                   |  1- 3 |  4- 6 || total
-------------------------+-------+-------++-------
Melee: Hand axe          |   118 |    35 ||   153
Invok: Berserk           |     1 |       ||     1
  Eat: Chunk             |     2 |     2 ||     4
Armor: Animal skin       |    24 |       ||    24
       Ring mail         |    34 |    14 ||    48
Dodge: Dodged            |    82 |    20 ||   102
